AoeStats
← Pumchakalaka

Arabia

503262515Analyzed
2v2 RM · 1mo ago on Aug 30, 2026· 22m 26s· 4 players
Game mode
Random Map
Map size
Medium (4 player)
Population
200
Speed
Normal
Resources
Standard
Victory
Conquest
Starting age
Dark Age
Ending age
Imperial Age
RankedLock teamsTeams togetherTeam positionsShared explorationLock speedFull tech treeHidden civsTurbo modeCheats
Victory
Defeat
🇲🇽 Britons · Mexico
610
+12
🇲🇽 Persians · Mexico
601
+12
🇦🇷 Tatars · Argentina
538
-13
🇫🇷 Franks · France
489
-11
SxGxLx_
2:49 Loom
13:53 Feudal Age
14:30 Double-Bit Axe
16:15 Horse Collar
Pumchakalaka
1:35 Loom
12:06 Feudal Age
13:45 Double-Bit Axe
15:18 Wheelbarrow
14:37 Stone Mining
14:39 Arson
crazy84aac
12:40 Feudal Age
10:56 Loom
13:19 Double-Bit Axe
17:20 Bloodlines
19:59 Horse Collar
22:13 Forging
AIOROS
0:31 Loom
10:41 Feudal Age
13:46 Double-Bit Axe
13:45 Horse Collar
21:48 Castle Age
20:42 Fletching
20:52 Padded Archer Armor
22:27 Bodkin Arrow
Connection lost

Rejoining the realm…

Still unreachable

The connection could not be restored.

Session expired

The server has moved on; the page needs a fresh start.